 Dungeon Crawl Stone Soup version 0.26-a0-52-gd53d4cd (webtiles) character file.

Game seed: 16543622399013545847

5 Faca the Vandal (level 1, -2/14 HPs)
             Began as a Halfling Hunter on June 5, 2020.
             Slain by a hobgoblin (4 damage)
             ... on level 1 of the Dungeon.
             The game lasted 00:00:41 (429 turns).

Faca the Vandal (Halfling Hunter)                    Turns: 429, Time: 00:00:41

Health: -2/14      AC:  3    Str: 13    XL:     1   Next: 88%
Magic:  1/1        EV: 14    Int:  9    God:
Gold:   10         SH:  0    Dex: 14    Spells: 0/0 levels left

rFire    . . .     SeeInvis .   a - +1 hunting sling
rCold    . . .     Gourm    .   (shield restricted)
rNeg     . . .     Faith    .   c - +0 leather armour
rPois    .         Spirit   .   (no helmet)
rElec    .         Reflect  .   (no cloak)
rCorr    .         Harm     .   (no gloves)
MR       .....                  (no boots)
Stlth    +.........             (no amulet)
HPRegen  0.04/turn              (no ring)
MPRegen  0.07/turn              (no ring)

@: no status effects
A: small, mutation resistance 1
a: no special abilities


You were on level 1 of the Dungeon.
You were not hungry.

You visited 1 branch of the dungeon, and saw 1 of its levels.

You collected 10 gold pieces.

Inventory:

Hand Weapons
 a - a +1 hunting sling (weapon)
 b - a +0 short sword
Missiles
 d - 16 sling bullets (quivered)
 g - 31 stones
Armour
 c - a +0 leather armour (worn)
Potions
 e - a potion of flight {unknown}
 i - a potion of curing {unknown}
Comestibles
 f - a ration


   Skills:
 + Level 1.9 Fighting
 + Level 0.8 Short Blades
 + Level 6.0 Slings
 - Level 2.1 Dodging
 - Level 1.1 Stealth


You couldn't memorise any spells.
You didn't know any spells.
Your spell library was empty.

Dungeon Overview and Level Annotations

Branches:
Dungeon (1/15)

Altars:


Innate Abilities, Weirdness & Mutations

You are small and have problems with some larger weapons.
You are somewhat resistant to further mutation.


Message History

The hobgoblin barely misses you.
Firing (i - inventory. (/) - cycle)
d - 19 sling bullets (quivered)
Press: ? - help, Shift-Dir - straight line, f/p - dart slug
Aim: a dart slug You shoot a sling bullet.
The sling bullet hits the dart slug.
The dart slug is severely wounded.
Firing (i - inventory. (/) - cycle)
d - 18 sling bullets (quivered)
Press: ? - help, Shift-Dir - straight line, f/p - dart slug
Aim: a dart slug (severely wounded)
You shoot a sling bullet.
The sling bullet hits the dart slug but does no damage.
The dart slug is severely wounded.
The hobgoblin misses you. The dart slug barely misses you.
Firing (i - inventory. (/) - cycle)
d - 17 sling bullets (quivered)
Press: ? - help, Shift-Dir - straight line, f/p - dart slug
Aim: a dart slug (severely wounded)
You shoot a sling bullet.
The sling bullet barely misses the dart slug.
The hobgoblin hits you.
You die...

#≈..#...### ..#
≈.###....## #..#
#.. ####..# #..#
#.#..###..#
#.≈..##..#
J....≈≈#.##..#
..##≈≈.#.....###
..≈.####.....#
.≈##........@..#
. ##≈≈≈.#..gw.#
#.≈###....K..#
≈. #.#..K..(#
..###.....# #..
#.>...# #.
......# .
#.....#


You could see a dart slug, a hobgoblin and 2 kobolds.

Vanquished Creatures
  A ball python (D:1)
  A kobold (D:1)
  A bat (D:1)
  A giant cockroach zombie (D:1)
  A quokka zombie (D:1)
  A rat (D:1)
6 creatures vanquished.

Notes
Turn   | Place    | Note
-------+----------+-------------------------------------------
     0 | D:1      | Faca the Halfling Hunter began the quest for the Orb.
     0 | D:1      | Reached XP level 1. HP: 14/14 MP: 1/1
   405 | D:1      | Reached skill level 6 in Slings
   429 | D:1      | Slain by a hobgoblin

Illustrated notes

Levels and vault maps discovered:
D:1:      saegor_arrival_fortress, layout_loops_ring, serial_rivers,
          chequers_serial_rivers_small_b, chequers_serial_rivers_small_b,
          chequers_serial_rivers_small_a, chequers_serial_rivers_micro_c,
          chequers_serial_rivers_marsh, chequers_serial_rivers_micro_e

Skill      XL: |  1 |
---------------+----+-----
Slings         | 6 |  6.0
Fighting       | |  1.9
Short Blades   | |  0.8
Dodging        | |  2.1
Stealth        | |  1.1

Action                   || total
-------------------------++-------
Melee: Short sword       ||    26
 Fire: Hunting sling     ||     4
 Stab: Sleeping          ||     1
Armor: Leather armour    ||     5
Dodge: Dodged            ||    23

Table legend:
 A = Non-vault XP
 B = Vault XP
 C = Vault XP percentage of total XP
 D = Non-vault monster count
 E = Vault monster count
 F = Vault count percentage of total count
                 A         B        C        D         E       F
            +---------+---------+-------+---------+---------+-------
      Total |       6 |       2 |  25.0 |       4 |       2 |  33.3
            +---------+---------+-------+---------+---------+-------
        D:1 |       6 |       2 |  25.0 |       4 |       2 |  33.3
            +---------+---------+-------+---------+---------+-------
